 Dungeon Crawl Stone Soup version 0.29.1-12-g30fa7ad0bf (webtiles) character file.

Game seed: 13809159565882642346

492 Sapher the Chiller (level 6, -3/79 HPs)
             Began as a Troll Ice Elementalist on Jan 11, 2023.
             Was an Initiate of Kikubaaqudgha.
             Slain by Joseph the ice beast (7 damage)
             ... on level 7 of the Dungeon.
             The game lasted 00:08:57 (708 turns).

Sapher the Chiller (Troll Ice Elementalist)          Turns: 708, Time: 00:08:57

Health: -3/79      AC:  4    Str: 14 (17) XL:     6   Next: 91%
Magic:  5/8        EV:  9    Int: 12 (13) God:    Kikubaaqudgha [......]
Gold:   48         SH:  0    Dex:  9 (10) Spells: 5/9 levels left

rFire   . . .      SeeInvis .     - Unarmed
rCold   . . .      Faith    .   (no shield)
rNeg    . . .      Spirit   .   a - +0 robe
rPois   .          Reflect  .   (helmet restricted)
rElec   .          Harm     .   (no cloak)
rCorr   .          Rampage  .   (gloves unavailable)
Will    +....                   (boots unavailable)
Stlth   ..........              (no amulet)
HPRegen 1.03/turn               W - ring of willpower
MPRegen 0.11/turn               (no ring)

@: berserking, very quick
A: large, unfitting armour, claws 3, regeneration 1, shaggy fur 1, tough skin 1
a: Renounce Religion


You were on level 7 of the Dungeon.
You worshipped Kikubaaqudgha.
Kikubaaqudgha was noncommittal.
You visited 2 branches of the dungeon, and saw 8 of its levels.

You collected 48 gold pieces.

Inventory:

Armour
 a - a +0 robe (worn)
Magical Staves
 g - a staff of fire
Jewellery
 W - a ring of willpower (left claw)
Wands
 e - a wand of acid (1)
 h - a wand of polymorph (5)
Scrolls
 d - a scroll of magic mapping
Potions
 b - a potion of magic


   Skills:
 - Level 1.5 Dodging
 - Level 1.0 Stealth
 + Level 4.6 Unarmed Combat
 + Level 2.0 Spellcasting
 + Level 4.7 Ice Magic


You had 5 spell levels left.
You knew the following spells:

 Your Spells              Type           Power      Damage    Failure   Level
f - Freeze                Ice            48%        1d7       4%          1
r - Frozen Ramparts       Ice            24%        1d4       12%         3

Your spell library contained the following spells:

 Spells                   Type           Power      Damage    Failure   Level
 Ozocubu's Armour         Ice            12%        N/A       12%         3
 Blink                    Tloc           2%         N/A       38%         2
 Confusing Touch          Hex            1%         N/A       63%         3
 Gell's Gravitas          Tloc           1%         N/A       63%         3
 Lesser Beckoning         Tloc           1%         N/A       63%         3
 Teleport Other           Tloc           1%         N/A       63%         3
 Hailstorm                Conj/Ice       6%         3d4       71%         4
 Manifold Assault         Tloc           1%         N/A       100%        5
 Yara's Violent Unravell  Hex/Tmut       0%         3d3       100%        5
 Enfeeble                 Hex            0%         N/A       100%        7


Dungeon Overview and Level Annotations

Branches:
Dungeon (7/15) Zot: 26817  Temple (1/1) D:4 Zot: 5979

Altars:
Elyvilon
Hepliaklqana
Kikubaaqudgha
Xom
Lugonu

Portals:
Abyss: D:4

Annotations:
D:6 Dowan, Duvessa
D:7 Joseph


Innate Abilities, Weirdness & Mutations

You are too large for most types of armour.
You have claws for hands.
Your natural rate of healing is unusually fast.
You are covered in fur. (AC +1)
You have tough skin. (AC +1)


Message History

The orc warrior shoots a bolt.
The bolt closely misses you.
The wall freezes the orc.
You kill the orc!
Kikubaaqudgha accepts your kill.
Aiming: Polymorph
Press: ? - help, Shift-Dir - straight line, f - orc warrior, p - Joseph
Aim: an orc warrior, wielding a +0 arbalest and wearing a +0 plate armour (fast, will become an acid dragon, a wyvern, or a swamp drake, chance to affect: 49%)
The orc warrior evaporates and reforms as an acid dragon!
The wall freezes the orc but does no damage.
The acid dragon spits acid at you. The splash of acid hits you!!
Ouch! That really hurt!
* * * LOW HITPOINT WARNING * * *
You hear a shout!
You take 30 damage, and have 6/53 hp.
It was a potion of cancellation.
Your magical effects are unravelling.
You feel magically purged.
The frozen ramparts melt away.
It was a potion of degeneration.
There was something very wrong with that liquid.
You feel weakened.
You feel dopey.
You feel clumsy. The orc hits you but does no damage.
Something hits you but does no damage.
A red film seems to cover your vision as you go berserk!
You feel yourself moving faster!
You feel mighty! The orc hits you with a +0 short sword.
* * * LOW HITPOINT WARNING * * *
Something hits you but does no damage.
You now have 10/79 hp.
You claw Joseph!
Joseph is heavily wounded.
The orc barely misses you. Something hits you.
* * * LOW HITPOINT WARNING * * *
You take 3 damage, and have 7/79 hp.
You barely miss Joseph.
Joseph is heavily wounded.
Joseph hits you.
* * * LOW HITPOINT WARNING * * *
Joseph freezes you!
You die...
Kikubaaqudgha rasps: "You have failed me!
Welcome... death!"

. ...... ..
###..{..
#########.# #......
.....#....####....o
.........###......
...........#.....
## #.#...#......#
.# #.#........){##
.# #.#........Do@#
.###.#........##Y#
.....#........ #.#
.#####........ #.#
..†..)..#.....##.##
..#####.#### #....#
..# #.######.)..##
..# #......#.....#
..# ######.#...#.#


You could see an acid dragon, Joseph the ice beast and an orc.

Vanquished Creatures
  A wyvern (D:7)
  A bullfrog (D:7)
  2 scorpions (D:4)
  A gnoll bouda (D:4)
  An orc wizard (D:7)
  Terence (D:3)
  2 adders
  4 gnolls (D:4)
  A white imp (D:7)
  An ufetubus (D:7)
  4 orcs
  3 goblins
  A ball python (D:3)
  A bat (D:1)
  2 rats (D:3)
26 creatures vanquished.

Vanquished Creatures (others)
  An orc (D:7)
  2 lurking horrors (D:4)
3 creatures vanquished.

Grand Total: 29 creatures vanquished

Notes
Turn   | Place    | Note
-------+----------+-------------------------------------------
     0 | D:1      | Sapher the Troll Ice Elementalist began the quest for the
                  | Orb.
     0 | D:1      | Reached XP level 1. HP: 16/16 MP: 1/1
    87 | D:4      | Noticed a scorpion
    90 | D:4      | Killed a scorpion
    91 | D:4      | Reached XP level 2. HP: 24/24 MP: 2/2
    91 | D:4      | Reached XP level 3. HP: 31/31 MP: 3/3
    95 | D:4      | Learned a level 3 spell: Frozen Ramparts
   102 | D:3      | Noticed Terence
   112 | D:3      | Killed Terence
   113 | D:3      | Reached XP level 4. HP: 11/39 MP: 0/4
   164 | D:4      | Reached XP level 5. HP: 28/45 MP: 2/5
   167 | D:4      | Found a staircase to the Ecumenical Temple.
   198 | D:4      | Found a one-way gate to the infinite horrors of the Abyss.
   199 | D:4      | Found a corrupted altar of Lugonu.
   239 | D:4      | Found a shimmering altar of Xom.
   407 | D:5      | Entered Level 5 of the Dungeon
   461 | Temple   | Entered the Ecumenical Temple
   472 | Temple   | Became a worshipper of Kikubaaqudgha
   543 | D:6      | Noticed Duvessa
   545 | D:6      | Noticed Dowan
   606 | D:7      | Noticed a wyvern
   616 | D:7      | Killed a wyvern
   617 | D:7      | Reached XP level 6. HP: 33/53 MP: 3/7
   637 | D:7      | Noticed Joseph
   698 | D:7      | Noticed an orc warrior
   702 | D:7      | Noticed Joseph
   702 | D:7      | Joseph changed into Joseph the ice beast
   703 | D:7      | Noticed an acid dragon
   703 | D:7      | an orc warrior changed into an acid dragon
   708 | D:7      | Slain by Joseph the ice beast

Illustrated notes

Levels and vault maps discovered:
D:1:      amcnicky_arrival_single_pillar, layout_basic,
          ebering_ecumenical_altar_abandoned
D:2:      layout_basic, basic_altar, dreamdust_mushroom_princess,
          minmay_quantized, uniq_natasha, uniq_sigmund
D:3:      layout_loops_ring, minmay_goblin_kobold_house, uniq_ijyb,
          uniq_terence, uniq_jessica
D:4:      minmay_spotlight, layout_gridville, lemuel_coloured_pillars_altar,
          minmay_temple_entry_from_below_a, amcnicky_altar_lugonu_corruption
D:5:      layout_basic
D:6:      layout_basic, uniq_duvessa
D:7:      layout_basic, uniq_joseph
Temple:   mainiacjoe_temple_bowtie_tessellation

Skill      XL: |  1  2  3  4  5  6 |
---------------+-------------------+-----
Ice Magic      | 3 4 |  4.7
Unarmed Combat | 2 3 4 |  4.6
Spellcasting   | 2 |  2.0
Dodging        | |  1.5
Stealth        | |  1.0

Action                   |  1- 3 |  4- 6 || total
-------------------------+-------+-------++-------
Melee: Unarmed           |    16 |    85 ||   101
 Cast: Frozen Ramparts   |     1 |     4 ||     5
       Freeze            |       |     2 ||     2
Evoke: Wand              |     3 |     6 ||     9
  Use: Scroll            |       |     4 ||     4
       Potion            |       |     4 ||     4
Armor: Robe              |     9 |    28 ||    37
Dodge: Dodged            |     9 |    49 ||    58
